 Dungeon Crawl Stone Soup version 0.28.0-53-g5a82cb258f (webtiles) character file.

Game seed: 3370855788571705032

6 Descartes the Ducker (level 1, -1/11 HPs)
             Began as an Octopode Wanderer on June 12, 2022.
             Slain by a goblin
             ... wielding a +0 dagger
              (3 damage)
             ... on level 1 of the Dungeon.
             The game lasted 00:00:45 (184 turns).

Descartes the Ducker (Octopode Wanderer)             Turns: 184, Time: 00:00:45

Health: -1/11      AC:  1    Str:  7    XL:     1   Next: 90%
Magic:  3/3        EV: 14    Int: 16    God:
Gold:   6          SH:  0    Dex: 13    Spells: 3/4 levels left

rFire   . . .      SeeInvis .   a - +0 dagger
rCold   . . .      Faith    .   (no shield)
rNeg    . . .      Spirit   .   b - +0 hat
rPois   .          Reflect  .   (no amulet)
rElec   .          Harm     .   (no ring)
rCorr   .          Rampage  .   (no ring)
Will    .....                   (no ring)
Stlth   ++........              (no ring)
HPRegen 0.03/turn               (no ring)
MPRegen 0.08/turn               (no ring)
                                (no ring)
                                (no ring)

@: no status effects
A: almost no armour, amphibious, 8 rings, camouflage 1, gelatinous body 1,
(nimble swimmer 1), tentacles
a: no special abilities


You were on level 1 of the Dungeon.
You visited 1 branch of the dungeon, and saw 1 of its levels.

You collected 6 gold pieces.

Inventory:

Hand Weapons
 a - a +0 dagger (weapon)
Missiles
 e - 4 poisoned darts
Armour
 b - a +0 hat (worn)
Scrolls
 c - a scroll of vulnerability
Potions
 d - a potion of mutation {unknown}


   Skills:
 + Level 4.0 Dodging
 + Level 0.7 Stealth
 + Level 0.3 Shields
 - Level 1.0 Unarmed Combat
 + Level 2.1 Spellcasting
 + Level 3.0 Necromancy


You had 3 spell levels left.
You knew the following spells:

 Your Spells              Type           Power      Damage    Failure   Level
a - Pain                  Necr           44%        1d6       6%          1

Your spell library contained the following spells:

 Spells                   Type           Power      Damage    Failure   Level
 Corpse Rot               Necr/Air       12%        N/A       17%         2
 Anguish                  Hex/Necr       3%         N/A       73%         4


Dungeon Overview and Level Annotations

Branches:
Dungeon (1/15)

Altars:


Innate Abilities, Weirdness & Mutations

You cannot wear most types of armour.
You are amphibious.
You can wear up to eight rings at the same time.
Your skin changes colour to match your surroundings (Stealth+).
Your rubbery body absorbs attacks. (AC +1, EV +1)
((You are camouflaged when in or above water. (Stealth+)))
You have tentacles for arms and can constrict up to eight enemies at once.


Message History

Found a quarterstaff.
You see here 4 poisoned darts.
e - 4 poisoned darts Unknown command.
As you open the door, it creaks loudly!
You hear a shout! x2
A goblin comes into view. It is wielding a +0 dagger.
There is an open door here.
An endoplasm comes into view.
The endoplasm quivers.
A goblin comes into view. It is wielding a +0 dagger.
You barely miss the goblin. You grab the goblin.
You squeeze the goblin, but do no damage.
You constrict the goblin, but do no damage.
The goblin barely misses you.
You hit the goblin.
The goblin is heavily wounded.
You constrict the goblin. The goblin barely misses you.
You hit the goblin.
You kill the goblin!
The endoplasm freezes you.
You are frozen.
You hit the endoplasm. You squeeze the endoplasm.
The endoplasm is heavily wounded.
The endoplasm closely misses you.
You hit the endoplasm but do no damage.
The endoplasm is heavily wounded.
The endoplasm closely misses you.
You hit the endoplasm but do no damage. You tentacle-slap the endoplasm.
You squeeze the endoplasm, but do no damage.
The endoplasm is severely wounded.
The goblin hits you with a +0 dagger.
* * * LOW HITPOINT WARNING * * *
The endoplasm freezes you.
You are frozen.
* * * LOW HITPOINT WARNING * * *
The endoplasm barely misses you.
There is an open door here.
You barely miss the goblin. You grab the goblin. You constrict the goblin.
The goblin hits you with a +0 dagger.
You die...

##### ###### #...# # #..)..
#...# ...
#.....###...######.....
#.....##>...@gJ.)......
#...........##......#..
#####...........##.........
.....#.....................
...........................
...........................
...........................
...........................
...†[..............#..


You could see an endoplasm and a goblin.

Vanquished Creatures
  A dart slug (D:1)
  A bat (D:1)
  A goblin (D:1)
  A rat (D:1)
4 creatures vanquished.

Notes
Turn   | Place    | Note
-------+----------+-------------------------------------------
     0 | D:1      | Descartes the Octopode Wanderer began the quest for the
                  | Orb.
     0 | D:1      | Descartes set off with the following items: a +0 dagger, a
                  | +0 hat, a scroll of vulnerability; and the following spell
                  | memorised: Pain; and the following spells available to
                  | memorise: Corpse Rot, Anguish
     0 | D:1      | Reached XP level 1. HP: 11/11 MP: 3/3
   184 | D:1      | Slain by a goblin

Illustrated notes

Levels and vault maps discovered:
D:1:      dpeg_arrival_short_road, layout_basic

Action                   || total
-------------------------++-------
Melee: Dagger            ||    16
       Tentacles         ||     5
       Constrict         ||     4
       Punch             ||     1
 Stab: Sleeping          ||     1
Dodge: Dodged            ||    11
